 Dungeon Crawl Stone Soup version 0.20.0-7-g3b7b877 (webtiles) character file.

522 MDvedh the Slicer (level 7, -5/38 HPs)
             Began as a Kobold Artificer on May 29, 2017.
             Was a Follower of Nemelex Xobeh.
             Slain by Pikel
             ... wielding a +0 whip of electrocution
              (10 damage)
             ... on level 4 of the Dungeon.
             The game lasted 00:08:20 (4248 turns).

MDvedh the Slicer (Kobold Artificer)                Turns: 4248, Time: 00:08:21

Health: -5/38      AC:  7    Str: 10    XL:     7   Next: 46%
Magic:  9/9        EV: 15    Int: 12    God:    Nemelex Xobeh [*.....]
Gold:   141        SH:  0    Dex: 17    Spells: 6/6 levels left

rFire    . . .     SeeInvis .   g - +3 dagger (elec)
rCold    + . .     Gourm    .   (shield restricted)
rNeg     . . .     Faith    .   z - +2 leather armour {rC+}
rPois    .         Spirit   .   o - +0 helmet
rElec    .         Reflect  .   (no cloak)
rCorr    .         Harm     .   (no gloves)
MR       .....                  r - +0 pair of boots
Stlth    ++........             (no amulet)
Regen    0.2/turn               (no ring)
MPRegen  0.2/turn               (no ring)

@: no status effects
A: carnivore 3
a: Renounce Religion


You were on level 4 of the Dungeon.
You worshipped Nemelex Xobeh.
Nemelex Xobeh was aware of your devotion.
You were hungry.

You visited 1 branch of the dungeon, and saw 5 of its levels.

You collected 141 gold pieces.

Inventory:

Hand Weapons
 g - a +3 dagger of electrocution (weapon)
Armour
 o - a +0 helmet (worn)
 r - a +0 pair of boots (worn)
 z - a +2 leather armour of cold resistance (worn)
Wands
 c - a wand of flame (5/48)
 d - a wand of enslavement (14/24)
 e - a wand of random effects (15/48)
 h - a wand of iceblast (7/15)
 q - a wand of paralysis (0/24)
 w - a wand of polymorph (12/24)
 y - a wand of flame (31/48)
Scrolls
 a - a scroll of amnesia {unknown}
 b - a scroll of fear {unknown}
 k - 2 scrolls of enchant armour
 l - a scroll of random uselessness {unknown}
 u - 2 scrolls of identify
 v - a scroll of magic mapping
 x - a scroll of blinking {unknown}
 A - a scroll of recharging {unknown}
 B - a scroll of remove curse
Potions
 i - a potion of flight {unknown}
 j - 3 potions of curing
 m - a potion of haste
 p - a potion of heal wounds {unknown}
 t - a potion of lignification {unknown}
Miscellaneous
 s - a plain deck of destruction {drawn: 2}
Comestibles
 f - 3 meat rations
 n - 3 royal jellies


   Skills:
 - Level 1.1 Fighting
 + Level 9.7 Short Blades
 - Level 2.4 Dodging
 - Level 1.3 Stealth
 - Level 3.6 Evocations


You had 6 spell levels left.
You didn't know any spells.

Dungeon Overview and Level Annotations

Branches:
Dungeon (5/15)
 Temple: D:4-7

Altars:
Cheibriados
Nemelex Xobeh
Xom

Annotations:
D:4 Pikel


Innate Abilities, Weirdness & Mutations

You are small and have problems with some larger weapons.
You are carnivorous and can eat meat at any time.


Message History

You barely miss Pikel.
Pikel is almost dead.
You closely miss Pikel.
Pikel is almost dead.
Pikel hits you with a whip of electrocution.
* * * LOW HITPOINT WARNING * * *
You barely miss Pikel.
Pikel is almost dead.
Evoke which item? (* to show all) (? for menu, Esc to quit)
You draw a card...
It is Pain.
You have drawn Pain.
Press: ? - help, Shift-Dir - straight line, f/p - Pikel
Aim: Pikel, wielding a whip of electrocution and wearing a robe (almost dead) Pikel resists with significant effort.
Pikel hits you but does no damage.
Evoke which item? (* to show all) (? for menu, Esc to quit)
You draw a card...
It is Wild Magic.
Pikel is covered in liquid flames!
You feel a surge of magic.
Pikel burns!
Pikel hits you but does no damage.
You are electrocuted!
You die...
Your body disappears without a glow.

.................#
################.#
#.# #.# ########
#.#
.......#########.#
.......'........>#
...)...#########K#
.......# ######@##
######## #.......#
#.......#
#.......# ####
#.......# ...##
#.......# ##..#
######'#####
.##.## #.......#
.##.[# #....†..#


You could see Pikel (burning).

Vanquished Creatures
  A slave (D:5)
  The ghost of Shinoi the Covered, an amateur BaFi (D:3)
  2 hounds (D:4)
  An orc priest (D:3)
  2 centaur skeletons
  2 orc wizards
  A worker ant (D:4)
  A hound skeleton (D:4)
  7 adders
  2 oozes (D:1)
  An adder skeleton (D:5)
  A worm (D:2)
  2 dart slugs
  5 leopard geckos
  8 orcs
  2 ball pythons
  7 giant cockroaches
  13 goblins
  13 hobgoblins
  4 jackals (D:3)
  3 quokkas
  12 bats
  5 frilled lizards
  9 kobolds
  5 rats
110 creatures vanquished.

Notes
Turn   | Place    | Note
-------+----------+-------------------------------------------
     0 | D:1      | MDvedh the Kobold Artificer began the quest for the Orb.
     0 | D:1      | Reached XP level 1. HP: 12/12 MP: 3/3
    86 | D:1      | Reached skill level 2 in Short Blades
   106 | D:1      | Reached XP level 2. HP: 14/16 MP: 4/4
   118 | D:1      | Reached skill level 3 in Short Blades
   444 | D:1      | Reached XP level 3. HP: 15/20 MP: 5/5
   636 | D:1      | Reached skill level 4 in Short Blades
  1046 | D:1      | Found a shimmering altar of Xom.
  1322 | D:2      | Reached XP level 4. HP: 17/25 MP: 6/6
  1677 | D:2      | Reached skill level 5 in Short Blades
  2052 | D:2      | Reached XP level 5. HP: 28/29 MP: 7/7
  2055 | D:2      | Reached skill level 6 in Short Blades
  2391 | D:2      | Reached skill level 7 in Short Blades
  2593 | D:3      | Reached XP level 6. HP: 26/34 MP: 8/8
  2798 | D:3      | Found a snail-covered altar of Cheibriados.
  2856 | D:3      | Noticed Shinoi's ghost (amateur BaFi)
  2876 | D:3      | Killed Shinoi's ghost
  2876 | D:3      | Reached skill level 8 in Short Blades
  3125 | D:3      | Found a sparkling altar of Nemelex Xobeh.
  3141 | D:3      | Became a worshipper of Nemelex Xobeh the Trickster
  3201 | D:3      | Reached XP level 7. HP: 37/38 MP: 9/9
  3449 | D:4      | Received a gift from Nemelex Xobeh
  3518 | D:4      | Reached skill level 9 in Short Blades
  4129 | D:5      | Entered Level 5 of the Dungeon
  4129 | D:5      | Reached * piety under Nemelex Xobeh
  4179 | D:5      | Noticed Pikel
  4248 | D:4      | Slain by Pikel

Skill      XL: |  1  2  3  4  5  6  7 |
---------------+----------------------+-----
Short Blades   | 2 3 4 5 7 8 9 |  9.7
Fighting       | |  1.1
Dodging        | |  2.4
Stealth        | |  1.3
Evocations     | |  3.6

Action                   |  1- 3 |  4- 6 |  7- 9 || total
-------------------------+-------+-------+-------++-------
Melee: Dagger            |    77 |   233 |    47 ||   357
       Short sword       |     5 |       |       ||     5
Evoke: Wand              |     8 |     6 |     1 ||    15
       Deck              |       |       |     2 ||     2
  Use: Scroll            |     2 |     5 |       ||     7
 Stab: Sleeping          |     1 |       |     2 ||     3
       Paralysed         |       |     3 |       ||     3
  Eat: Chunk             |     2 |     6 |     2 ||    10
Armor: Leather armour    |    17 |    57 |     9 ||    83
Dodge: Dodged            |    51 |   152 |    12 ||   215
